[Event "2nd Namma Bengaluru Open-B 2025"]
[Site "Bengaluru"]
[Date "2025.04.11"]
[Round "5.1"]
[White "Pournami S"]
[Black "Nayak, Biswajit"]
[Result "0-1"]
[Annotator "NA"]
[ECO "E13"]
[WhiteElo "1770"]
[BlackElo "1979"]
[PlyCount "58"]
[EventDate "2025.04.10"]
[EventType "swiss"]
[EventCountry "IND"]
[SourceTitle "playchess.com"]
[Source "ChessBase"]
[SourceQuality "1"]
[TimeControl "3600+30"]

1. d4 Nf6 2. c4 e6 3. Nf3 b6 4. Nc3 Bb7 5. Bg5 Bb4 6. e3 h6 7. Bh4 g5 8. Bg3 Ne4 9. Qc2 Bxc3+ 10. bxc3 d6 11. Nd2 Nxg3 12. hxg3 Qe7 13. e4 c5 14. Be2 Nd7 15. d5 Kd8 16. f3 Kc7 17. Kf2 h5 18. Rh2 h4 19. g4 Qf6 20. Rah1 Ne5 21. Ke1 Rhe8 22. Kd1 Ng6 23. Bf1 Qe5 24. Kc1 Re7 25. Bd3 Rb8 26. a4 Bc8 27. Kb2 Nf4 28. Ka3 a6 29. Rb1 Nxd3 0-1

[Event "2nd Namma Bengaluru Open-B 2025"]
[Site "Bengaluru"]
[Date "2025.04.11"]
[Round "5.2"]
[White "Atharv Venkatesh"]
[Black "Afreed T Khan"]
[Result "0-1"]
[Annotator "NA"]
[ECO "C47"]
[WhiteElo "1768"]
[BlackElo "1921"]
[PlyCount "132"]
[EventDate "2025.04.10"]
[EventType "swiss"]
[EventCountry "IND"]
[SourceTitle "playchess.com"]
[Source "ChessBase"]
[SourceQuality "1"]
[TimeControl "3600+30"]

1. e4 e5 2. Nf3 Nc6 3. Nc3 Nf6 4. d4 exd4 5. Nxd4 Bb4 6. Nxc6 bxc6 7. Bd3 O-O 8. O-O d5 9. exd5 cxd5 10. Bg5 Be6 11. Qf3 Be7 12. h3 h6 13. Bh4 Qd7 14. Rfd1 Rfd8 15. Ne2 Rab8 16. Rab1 Qa4 17. Bg3 Bd6 18. Nc3 Qd7 19. a4 Bxg3 20. Qxg3 c5 21. b3 Qe7 22. Re1 Nh5 23. Qe5 Qg5 24. Qxg5 hxg5 25. Re5 c4 26. Bf1 d4 27. Nb5 a6 28. Nc7 d3 29. cxd3 Rxb3 30. Rxb3 cxb3 31. Re2 Nf4 32. Rb2 Rd4 33. g3 Nd5 34. Nxe6 fxe6 35. Rxb3 Rxa4 36. Rb8+ Kf7 37. Bg2 Nc3 38. Rc8 Ne2+ 39. Kh2 Nd4 40. Rc4 Rxc4 41. dxc4 a5 42. Bf1 a4 43. c5 a3 44. Bc4 Ke7 45. g4 Nf3+ 46. Kg3 Nd2 47. Ba2 Ne4+ 48. Kf3 Nc3 49. Bb3 a2 50. Bxa2 Nxa2 51. Ke4 Nc3+ 52. Ke5 Nd5 53. c6 Nb4 54. c7 Nc6+ 55. Ke4 Kd7 56. f4 gxf4 57. Kxf4 Kxc7 58. h4 Kd6 59. h5 Ke7 60. g5 Kf7 61. Ke4 Ne7 62. Kd4 Nf5+ 63. Ke5 Ke7 64. Kf4 Kd6 65. Kf3 Ke5 66. Kg4 Ke4 0-1

[Event "2nd Namma Bengaluru Open-B 2025"]
[Site "Bengaluru"]
[Date "2025.04.11"]
[Round "5.3"]
[White "Elesh Tripathi"]
[Black "Malla, Nooka Raju"]
[Result "1-0"]
[Annotator "NA"]
[ECO "A30"]
[WhiteElo "1758"]
[BlackElo "1860"]
[PlyCount "81"]
[EventDate "2025.04.10"]
[EventType "swiss"]
[EventCountry "IND"]
[SourceTitle "playchess.com"]
[Source "ChessBase"]
[SourceQuality "1"]
[TimeControl "3600+30"]

1. d4 Nf6 2. g3 e6 3. Bg2 c5 4. Nf3 a6 5. c4 cxd4 6. O-O Be7 7. Nxd4 O-O 8. Nc3 Qc7 9. Qb3 Nc6 10. Nxc6 bxc6 11. Rd1 Rb8 12. Qc2 d5 13. Na4 Rb4 14. cxd5 exd5 15. b3 Rb7 16. Bf4 Bd6 17. Bg5 Be7 18. Rac1 Ba3 19. Rb1 Be7 20. Bxf6 Bxf6 21. Rbc1 Qe7 22. Qxc6 Qxe2 23. Bf1 Qg4 24. Bxa6 Rc7 25. Qxc7 Bxa6 26. Qf4 Qh5 27. h4 Be2 28. Rd2 h6 29. Nb6 Bg5 30. hxg5 hxg5 31. g4 Bxg4 32. Qh2 Bh3 33. Nxd5 Re8 34. Rd3 g4 35. Nf4 Qg5 36. Re3 Rd8 37. Qg3 Qh6 38. Nxh3 gxh3 39. Qxh3 Qg5+ 40. Qg2 Qh6 41. Rce1 1-0

[Event "2nd Namma Bengaluru Open-B 2025"]
[Site "Bengaluru"]
[Date "2025.04.11"]
[Round "5.4"]
[White "Samaksh Ashok"]
[Black "Aditya Dileepraj"]
[Result "0-1"]
[Annotator "NA"]
[ECO "D02"]
[WhiteElo "1858"]
[BlackElo "1746"]
[PlyCount "146"]
[EventDate "2025.04.10"]
[EventType "swiss"]
[EventCountry "IND"]
[SourceTitle "playchess.com"]
[Source "ChessBase"]
[SourceQuality "1"]
[TimeControl "3600+30"]

1. d4 Nf6 2. Nf3 e6 3. g3 d5 4. Bg2 Nbd7 5. O-O c6 6. Nbd2 Qb6 7. c4 Be7 8. b3 O-O 9. Bb2 Rd8 10. Qc2 h6 11. Rad1 Qc7 12. Rfe1 b6 13. e4 Nxe4 14. Nxe4 dxe4 15. Qxe4 Nf6 16. Qe2 Bb7 17. Ne5 Rac8 18. Nd3 b5 19. Ne5 bxc4 20. Nxc4 Nd5 21. Rc1 Bf6 22. Ne5 Bxe5 23. Qxe5 Qa5 24. Ra1 Ba6 25. Red1 Qb6 26. Rac1 Bb5 27. Kh1 a5 28. Ra1 a4 29. b4 Qc7 30. Qe1 Nb6 31. a3 Nc4 32. Bc3 Rd7 33. f4 Rcd8 34. Qg1 Nd6 35. Ra2 Bc4 36. Raa1 Bb3 37. Rdc1 Nb5 38. Bb2 Bd5 39. Bxd5 Rxd5 40. Rc4 Qd7 41. Rac1 Nxd4 42. Bxd4 Rxd4 43. Rxd4 Qxd4 44. Qxd4 Rxd4 45. Rxc6 Rd3 46. Ra6 Rxa3 47. b5 Rb3 48. Rxa4 Rxb5 49. Ra2 g5 50. Kg2 Kg7 51. h3 f6 52. Ra3 e5 53. Kf3 exf4 54. gxf4 Rf5 55. Ra4 Rxf4+ 56. Rxf4 gxf4 57. Kxf4 Kg6 58. Kg4 h5+ 59. Kf4 f5 60. Kf3 h4 61. Kf4 Kf6 62. Kf3 Ke5 63. Ke3 f4+ 64. Kf3 Kf5 65. Kf2 Ke4 66. Ke2 f3+ 67. Kf2 Kf4 68. Kf1 Kg3 69. Kg1 Kxh3 70. Kh1 Kg3 71. Kg1 f2+ 72. Kf1 h3 73. Ke2 h2 0-1

[Event "2nd Namma Bengaluru Open-B 2025"]
[Site "Bengaluru"]
[Date "2025.04.11"]
[Round "5.5"]
[White "Lalit Ranjan Sahu"]
[Black "Narahari Geethika Hasini"]
[Result "0-1"]
[Annotator "NA"]
[ECO "B23"]
[WhiteElo "1750"]
[BlackElo "1856"]
[PlyCount "118"]
[EventDate "2025.04.10"]
[EventType "swiss"]
[EventCountry "IND"]
[SourceTitle "playchess.com"]
[Source "ChessBase"]
[SourceQuality "1"]
[TimeControl "3600+30"]

1. e4 c5 2. Nc3 e6 3. f4 Nc6 4. Nf3 d5 5. Bb5 Nge7 6. d3 a6 7. Bxc6+ Nxc6 8. O-O Be7 9. Qe1 O-O 10. Qf2 b5 11. a4 b4 12. Ne2 f5 13. e5 b3 14. c3 d4 15. cxd4 Nb4 16. Ne1 cxd4 17. Qxd4 Qxd4+ 18. Nxd4 Bc5 19. Be3 Nd5 20. Bf2 Nxf4 21. Nxb3 Bxf2+ 22. Rxf2 g5 23. h4 h6 24. hxg5 hxg5 25. Nc5 Rd8 26. Nf3 Rd5 27. Rc1 g4 28. Ne1 Ng6 29. a5 Rb8 30. Re2 Rxe5 31. Rxe5 Nxe5 32. d4 Ng6 33. Ned3 Kf7 34. Na4 Ne7 35. Nb6 Bb7 36. Rc7 Be4 37. Nc5 Rd8 38. Nxa6 Rxd4 39. Nc8 g3 40. Kf1 Bd3+ 41. Ke1 Bxa6 42. Nxe7 Kf6 43. Nc8 Ra4 44. Nd6 Rxa5 45. Ne8+ Ke5 46. Kd2 Rd5+ 47. Kc3 Rd8 48. Rc5+ Rd5 49. Rc7 Bb5 50. Ng7 f4 51. Re7 Kf6 52. Ra7 f3 53. gxf3 g2 54. Ne8+ Bxe8 55. Ra1 Bb5 56. Rg1 Bf1 57. b4 Kf5 58. b5 Rxb5 59. Kd2 Kf4 0-1

[Event "2nd Namma Bengaluru Open-B 2025"]
[Site "Bengaluru"]
[Date "2025.04.11"]
[Round "5.6"]
[White "Anushka Gupta"]
[Black "Abhijith U"]
[Result "1-0"]
[Annotator "NA"]
[ECO "C17"]
[WhiteElo "1739"]
[BlackElo "1821"]
[PlyCount "67"]
[EventDate "2025.04.10"]
[EventType "swiss"]
[EventCountry "IND"]
[SourceTitle "playchess.com"]
[Source "ChessBase"]
[SourceQuality "1"]
[TimeControl "3600+30"]

1. e4 e6 2. d4 d5 3. Nc3 Bb4 4. e5 c5 5. Bd2 Ne7 6. Nb5 Bxd2+ 7. Qxd2 O-O 8. f4 cxd4 9. Nf3 Nbc6 10. Nbxd4 Qb6 11. c3 Bd7 12. Bd3 Nxd4 13. Nxd4 Nc6 14. Nxc6 bxc6 15. O-O-O Rab8 16. g4 Qa5 17. Bb1 Rb7 18. Qd3 g6 19. h4 Rfb8 20. Rd2 c5 21. h5 c4 22. Qh3 g5 23. Rhh2 Qa3 24. Qe3 gxf4 25. Qd4 Ba4 26. g5 Kh8 27. g6 Qe7 28. Qxf4 Rg8 29. Rdf2 Qc5 30. Qf6+ Rg7 31. Qd8+ Rg8 32. g7+ Kxg7 33. Rfg2+ Kh6 34. Qf6+ 1-0

[Event "2nd Namma Bengaluru Open-B 2025"]
[Site "Bengaluru"]
[Date "2025.04.11"]
[Round "5.7"]
[White "Aryan Behera"]
[Black "Swapnil Priyadarshi"]
[Result "1/2-1/2"]
[Annotator "NA"]
[ECO "B92"]
[WhiteElo "1732"]
[BlackElo "1814"]
[PlyCount "148"]
[EventDate "2025.04.10"]
[EventType "swiss"]
[EventCountry "IND"]
[SourceTitle "playchess.com"]
[Source "ChessBase"]
[SourceQuality "1"]
[TimeControl "3600+30"]

1. e4 c5 2. Nf3 d6 3. d4 cxd4 4. Nxd4 Nf6 5. Nc3 a6 6. Be2 e5 7. Nb3 Be6 8. Be3 Be7 9. g4 d5 10. exd5 Nxd5 11. Nxd5 Bxd5 12. Bf3 Bxf3 13. Qxf3 Nc6 14. Nd2 Nb4 15. Qe4 Qd5 16. Qxd5 Nxd5 17. O-O-O Nxe3 18. fxe3 h5 19. h3 b5 20. Ne4 Rd8 21. g5 h4 22. Rxd8+ Kxd8 23. Rf1 Rf8 24. Kd2 Kd7 25. c4 bxc4 26. Kc3 Ke6 27. Kxc4 Rc8+ 28. Kd3 Rb8 29. b3 f5 30. gxf6 gxf6 31. Rg1 f5 32. Ng5+ Kf6 33. Ke2 e4 34. Nh7+ Ke5 35. Rg7 Bb4 36. Rg6 a5 37. Ng5 f4 38. Re6+ Kf5 39. exf4 Kxf4 40. Nf7 Kf5 41. Ra6 Rc8 42. a3 Be7 43. Rxa5+ Kf4 44. Ne5 Kg3 45. Ng6 Bf6 46. Rf5 Bd4 47. Rf4 Rc6 48. Rxe4 Bb2 49. Re3+ Kh2 50. Nxh4 Bxa3 51. Nf3+ Kg2 52. Nd4 Rh6 53. Nc2 Bd6 54. Ne1+ Kh2 55. h4 Bg3 56. Nf3+ Kg2 57. b4 Ra6 58. b5 Ra2+ 59. Kd3 Kf2 60. Ne5 Ra3+ 61. Kd4 Ra4+ 62. Nc4 Bxh4 63. Rb3 Ke2 64. b6 Bf2+ 65. Kd5 Bxb6 66. Nxb6 Rh4 67. Nc4 Rh5+ 68. Ne5 Rh8 69. Ng6 Rd8+ 70. Ke4 Re8+ 71. Ne5 Kd2 72. Rh3 Kc2 73. Kd4 Rd8+ 74. Kc5 Kd2 1/2-1/2

[Event "2nd Namma Bengaluru Open-B 2025"]
[Site "Bengaluru"]
[Date "2025.04.11"]
[Round "5.8"]
[White "Shreyan Thipparthi"]
[Black "Nijesh R"]
[Result "0-1"]
[Annotator "NA"]
[ECO "E11"]
[WhiteElo "1730"]
[BlackElo "1813"]
[PlyCount "116"]
[EventDate "2025.04.10"]
[EventType "swiss"]
[EventCountry "IND"]
[SourceTitle "playchess.com"]
[Source "ChessBase"]
[SourceQuality "1"]
[TimeControl "3600+30"]

1. d4 Nf6 2. c4 e6 3. g3 d5 4. Nf3 Bb4+ 5. Bd2 Be7 6. Qc2 O-O 7. Bg2 c6 8. O-O Nbd7 9. b3 Ne4 10. Nc3 Nxd2 11. Nxd2 e5 12. e3 exd4 13. exd4 dxc4 14. Nxc4 Nf6 15. Rad1 Bg4 16. Rd2 Bb4 17. a3 Bxc3 18. Qxc3 Nd5 19. Qc2 Re8 20. Ne5 Be6 21. Re1 f6 22. Nf3 Qd7 23. Rde2 Bf7 24. Rxe8+ Rxe8 25. Qd2 Nc7 26. b4 Rxe1+ 27. Qxe1 Nb5 28. Qe3 Qe6 29. Qf4 Qd6 30. Qxd6 Nxd6 31. Bf1 Bd5 32. Nd2 Nf5 33. Bc4 Nxd4 34. Bxd5+ cxd5 35. Kf1 Kf7 36. f3 Ke6 37. Kf2 Kd6 38. Nb1 Ne6 39. Ke3 d4+ 40. Kd3 Kd5 41. Nd2 Nc7 42. a4 Na6 43. b5 Nc5+ 44. Kc2 Nxa4 45. f4 Nc3 46. Kd3 Nxb5 47. Nf3 a5 48. Nd2 a4 49. Nc4 a3 50. Nxa3 Nxa3 51. Ke2 Ke4 52. Kf2 d3 53. h4 Nb1 54. Kg2 d2 55. Kh2 Kf3 56. f5 d1=Q 57. h5 Qf1 58. h6 Qg2# 0-1

[Event "2nd Namma Bengaluru Open-B 2025"]
[Site "Bengaluru"]
[Date "2025.04.11"]
[Round "5.9"]
[White "Rudra Rajeev"]
[Black "Rohith P"]
[Result "0-1"]
[Annotator "NA"]
[ECO "E38"]
[WhiteElo "1715"]
[BlackElo "1808"]
[PlyCount "140"]
[EventDate "2025.04.10"]
[EventType "swiss"]
[EventCountry "IND"]
[SourceTitle "playchess.com"]
[Source "ChessBase"]
[SourceQuality "1"]
[TimeControl "3600+30"]

1. d4 Nf6 2. c4 e6 3. Nc3 Bb4 4. Qc2 c5 5. dxc5 Bxc5 6. e3 O-O 7. Bd3 d5 8. cxd5 exd5 9. Nge2 Nc6 10. a3 Bd6 11. Nb5 a6 12. Nxd6 Qxd6 13. h3 Be6 14. O-O Rac8 15. Qd2 Ne5 16. b3 Bxh3 17. f4 Nxd3 18. Qxd3 Bd7 19. a4 Ne4 20. Ba3 Nc5 21. Rfd1 Bg4 22. Qxd5 Qxd5 23. Rxd5 Nxb3 24. Re1 Bxe2 25. Rxe2 Rfe8 26. Kf2 Rcd8 27. Rxd8 Rxd8 28. Rb2 Na5 29. Bc5 Rd7 30. Bd4 Nc6 31. Bc5 Rd5 32. Ba3 Rd7 33. Bc5 h6 34. e4 Na5 35. Be3 Rd3 36. Bb6 Nc4 37. Rb4 Nxb6 38. Rxb6 Rd4 39. Kf3 Rxa4 40. Rxb7 a5 41. Rb8+ Kh7 42. f5 f6 43. Rb7 h5 44. g3 Ra3+ 45. Kg2 Kh6 46. Rb6 Re3 47. Ra6 Rxe4 48. Rxa5 Re5 49. Ra7 Rxf5 50. Rb7 g6 51. Rb4 Ra5 52. Rc4 Kg5 53. Rb4 Ra3 54. Rc4 f5 55. Rb4 Re3 56. Ra4 Re4 57. Ra6 h4 58. gxh4+ Rxh4 59. Kg3 Rb4 60. Kf3 Rb3+ 61. Kg2 f4 62. Kf2 Kf5 63. Ra5+ Kg4 64. Kg2 Rb2+ 65. Kf1 g5 66. Ra3 f3 67. Kg1 Kg3 68. Ra1 Rg2+ 69. Kf1 Rh2 70. Kg1 f2+ 0-1

[Event "2nd Namma Bengaluru Open-B 2025"]
[Site "Bengaluru"]
[Date "2025.04.11"]
[Round "5.10"]
[White "Anurag, Jaiswal"]
[Black "Justin, Joseph"]
[Result "0-1"]
[Annotator "NA"]
[ECO "E08"]
[WhiteElo "1923"]
[BlackElo "1923"]
[PlyCount "97"]
[EventDate "2025.04.10"]
[EventType "swiss"]
[EventCountry "IND"]
[SourceTitle "playchess.com"]
[Source "ChessBase"]
[SourceQuality "1"]
[TimeControl "3600+30"]

1. d4 d5 2. c4 e6 3. Nf3 Nf6 4. g3 Bb4+ 5. Bd2 Be7 6. Bg2 O-O 7. O-O c6 8. Qc2 Nbd7 9. Bf4 Ne4 10. Nc3 f5 11. Rab1 g5 12. Bc1 g4 13. Ne1 Bf6 14. e3 Nxc3 15. bxc3 Nb6 16. c5 Nc4 17. Nd3 Qe8 18. Rb3 h5 19. Nb2 Nxb2 20. Bxb2 h4 21. Rc1 Qh5 22. c4 Rf7 23. Rb1 Rh7 24. a4 Bd8 25. Bc3 hxg3 26. hxg3 b6 27. cxb6 Ba6 28. Rb5 axb6 29. cxd5 exd5 30. Qb3 Kh8 31. Ra1 Raa7 32. Qa3 Be7 33. Qb3 Bd6 34. Bb2 Rh6 35. Rc1 Rah7 36. Kf1 Qe8 37. Rxc6 Qxc6 38. Bxd5 Bxb5+ 39. axb5 Qe8 40. Qd3 Qf8 41. Bc6 Ra7 42. Qc4 Rh2 43. Qe6 Bxg3 44. Bg2 Bd6 45. d5+ Kh7 46. Bf6 Rh5 47. e4 Rf7 48. Bd4 Rh6 49. Bf6 0-1